 Dungeon Crawl Stone Soup version 0.17-a0-2101-g0c122e7 (webtiles) character file.

215 Gruud the Insei (level 5, 55/58 HPs)
             Began as a Demonspawn Transmuter on Oct 18, 2015.
             Quit the game on level 5 of the Dungeon.
             The game lasted 00:08:17 (2699 turns).

Gruud the Insei (Demonspawn Transmuter)             Turns: 2699, Time: 00:08:17

Health: 55/58      AC: 22    Str: 11    XL:     5   Next: 60%
Magic:  8/8        EV:  2    Int: 14    God:
Gold:   134        SH:  0    Dex: 14    Spells: 2 memorised, 5 levels left

rFire  . . .     SeeInvis .       - Unarmed
rCold  . . .     Clarity  .     (armour currently unavailable)
rNeg   + + +     SustAt   .     (no shield)
rPois  +         Gourm    .     (helmet currently unavailable)
rElec  .         Spirit   .     (cloak currently unavailable)
rCorr  .         Warding  .     (gloves currently unavailable)
rMut   .         NoTele   +     (boots currently unavailable)
MR     .....                    (no amulet)
Stlth  +.........               (no ring)
                                (no ring)

@: tree-form, not resistant to hostile enchantments, very unstealthy
A: (hooves 0), demonic guardian 1
a: no special abilities


You were on level 5 of the Dungeon.
You were hungry.
You were a tree.
You visited 1 branch of the dungeon, and saw 5 of its levels.

You collected 134 gold pieces.

Inventory:

Missiles
 a - 48 arrows
 q - 22 sling bullets
Armour
 b - a +0 robe (melded)
 l - a +0 buckler
Scrolls
 e - a scroll of magic mapping
 i - a scroll of remove curse
 o - a scroll of blinking
 t - a scroll of enchant weapon
Potions
 g - a potion of lignification
 h - a potion of haste
 k - a potion of ambrosia
 m - a potion of brilliance
 n - a potion of magic {unknown}
 r - a potion of mutation {unknown}
Books
 c - a book of Changes

   Spells                             Type                      Level
   a - Beastly Appendage              Transmutation                1
   b - Sticks to Snakes               Transmutation                2
   c - Spider Form                    Transmutation/Poison         3
   d - Ice Form                       Ice/Transmutation            4
   e - Blade Hands                    Transmutation                5
Comestibles
 d - 2 bread rations
 f - a slice of pizza
 p - 3 fruits


   Skills:
 + Level 2.6 Fighting
 + Level 2.9 Dodging
 * Level 4.4 Unarmed Combat
 - Level 2.0 Spellcasting
 - Level 2.2 Transmutations


You had 5 spell levels left.
You knew the following spells:

 Your Spells              Type           Power        Failure   Level  Hunger
a - Beastly Appendage     Trmt           #.....       12%         1    ##.....
b - Sticks to Snakes      Trmt           #.........   17%         2    ###....


Dungeon Overview and Level Annotations

Branches:
Dungeon (5/15)
 Temple: D:4-7

Altars:


Innate Abilities, Weirdness & Mutations

((You have large cloven feet.))
A weak demonic guardian rushes to your aid.


Message History

The ogre shouts!
Drink which item? (? for menu, Esc to quit)
Okay, then.
Quiver which item? (- for none, * to show all) (? for menu, Esc to quit)
Okay, then.
Drink which item? (? for menu, Esc to quit)
You turn into a tree.
Your +0 robe melds into your body.
Your roots penetrate the ground.
You cannot move.
You cannot move.
You swing at nothing.
You smack the ogre!
The ogre is heavily wounded.
The ogre hits you but does no damage.
You smack the ogre!
You kill the ogre!
You have reached level 5!
Your demonic ancestry asserts itself...
You feel the presence of a demonic guardian.
Are you sure you want to abandon this character and quit the game? (Confirm with "yes".)

### #..# ..# ## ##
...# ...##. #..
#....########.#
..##.......)♣.#
............##.#
..........### ..#
.........## #.#
..........## ..
...?.......## ...
............##..#..
................#...
................


There were no monsters in sight!

Vanquished Creatures
  An ogre (D:5)
  Ijyb (D:2)
  A giant frog skeleton (D:5)
  An ooze (D:1)
  A worm (D:3)
  A giant gecko (D:2)
  3 orcs
  4 giant cockroaches
  6 goblins
  5 hobgoblins
  4 jackals (D:1)
  3 ball pythons
  8 bats
  5 giant newts
  11 kobolds
  A quokka (D:2)
  11 rats
67 creatures vanquished.

Vanquished Creatures (collateral kills)
  An adder (D:2)
  2 goblins
3 creatures vanquished.

Grand Total: 70 creatures vanquished

Notes
Turn   | Place    | Note
--------------------------------------------------------------
     0 | D:1      | Gruud the Demonspawn Transmuter began the quest for the Orb.
     0 | D:1      | Reached XP level 1. HP: 15/15 MP: 3/3
   144 | D:1      | Reached skill level 3 in Unarmed Combat
   144 | D:1      | Lost mutation: You have claws for feet. [demonic ancestry]
   144 | D:1      | Lost mutation: You have razor-sharp toenails. [demonic ancestry]
   144 | D:1      | Lost mutation: You have sharp toenails. [demonic ancestry]
   144 | D:1      | Gained mutation: You have large cloven feet. [demonic ancestry]
   144 | D:1      | Reached XP level 2. HP: 9/21 MP: 3/5
   156 | D:1      | Learned a level 2 spell: Sticks to Snakes
   704 | D:1      | Reached XP level 3. HP: 11/26 MP: 6/6
  1230 | D:2      | Found a faded altar to an unknown god.
  1230 | D:2      | Noticed Ijyb
  1260 | D:2      | Killed Ijyb
  1260 | D:2      | Reached XP level 4. HP: 3/33 MP: 2/7
  2374 | D:3      | Noticed a hippogriff
  2419 | D:5      | Entered Level 5 of the Dungeon
  2429 | D:5      | Reached skill level 4 in Unarmed Combat
  2682 | D:5      | Noticed an ogre
  2698 | D:5      | Killed an ogre
  2698 | D:5      | Gained mutation: A weak demonic guardian rushes to your aid. [demonic ancestry]
  2698 | D:5      | Reached XP level 5. HP: 39/39 MP: 8/8
  2699 | D:5      | Quit the game

Vault maps used:
D:1:      eino_arrival_cavern_e
D:2:      ecumenical_altar_2, uniq_iyjb
D:4:      lemuel_angel_altar, uniq_robin
D:5:      lemuel_insect_pit, gammafunk_temple_overflow_forgotten,
          grunt_temple_overflow_diamond, first_bread

Action                   |  1- 3 |  4- 6 || total
-------------------------+-------+-------++-------
Melee: Unarmed           |   139 |   107 ||   246
 Cast: Beastly Appendage |    12 |     2 ||    14
       Sticks to Snakes  |     3 |     3 ||     6
  Use: Scroll            |     7 |     3 ||    10
       Potion            |     1 |     1 ||     2
 Stab: Sleeping          |     1 |     1 ||     2
       Distracted        |       |     2 ||     2
  Eat: Chunk             |     1 |     5 ||     6
